 Dungeon Crawl Stone Soup version 0.20-a0-3-g334f831 (console) character file.

3936 brucemayne the Cleaver (level 10, -6/79 HPs)
             Began as a Demonspawn Berserker on Oct 30, 2016.
             Was a Priest of Trog.
             Mangled by a wraith (10 damage)
             ... led by Josephine
             ... on level 10 of the Dungeon.
             The game lasted 00:10:41 (2428 turns).

brucemayne the Cleaver (Demonspawn Berserker)       Turns: 2428, Time: 00:10:42

Health: -6/79      AC: 10    Str: 26    XL:     10   Next: 1%
Magic:  0/10       EV: 14    Int:  9    God:    Trog [***...]
Gold:   198        SH:  0    Dex: 17    Spells: 0 memorised, 9 levels left

rFire  + . .     SeeInvis +     s - +0 war axe
rCold  . . .     Gourm    .     d - +0 chain mail
rNeg   . . .     Faith    .     (no shield)
rPois  .         Spirit   +     (helmet unavailable)
rElec  .         Reflect  .     t - +0 cloak
rCorr  .         Harm     .     (no gloves)
MR     ++...                    p - +0 pair of boots
Stlth  ..........               (no amulet)
                                (no ring)
                                (no ring)

@: mighty, agile, regenerating, slowed, very slow
A: antennae 3, fire resistance 1, magic shield, flame cloud immunity
a: Berserk, Trog's Hand, Burn Spellbooks, Renounce Religion


You were on level 10 of the Dungeon.
You worshipped Trog.
Trog was most pleased with you.
You were very hungry.

You visited 1 branch of the dungeon, and saw 10 of its levels.

You collected 198 gold pieces.

Inventory:

Hand Weapons
 a - a +0 hand axe
 s - a +0 war axe (weapon)
 w - a +0 war axe
 y - a +0 battleaxe
 B - a +0 blowgun
Missiles
 A - 6 poisoned needles
Armour
 b - a +0 animal skin
 d - a +0 chain mail (worn)
 p - a +0 pair of boots (worn)
 t - a +0 cloak (worn)
 G - a +0 robe of cold resistance
Magical Staves
 o - a cursed staff of summoning {unknown}
Wands
 E - a wand of flame (21/48)
 F - a wand of iceblast (7/15)
Scrolls
 c - a scroll of recharging {unknown}
 f - 5 scrolls of remove curse {unknown}
 i - 2 scrolls of fear {unknown}
 j - a scroll of amnesia {unknown}
 k - a scroll of random uselessness {unknown}
 n - a scroll of summoning {unknown}
 q - 2 scrolls of teleportation {unknown}
 x - a scroll of enchant armour {unknown}
Potions
 e - a potion of degeneration
 g - a potion of flight
Comestibles
 l - 3 meat rations
 z - a bread ration


   Skills:
 + Level 7.3 Fighting
 + Level 11.8 Axes
 - Level 1.7 Armour
 - Level 1.7 Dodging


You had 9 spell levels left.
You didn't know any spells.

Dungeon Overview and Level Annotations

Branches:
Dungeon (10/15)
 Temple: D:4-7         Lair: D:8-11         Orc: D:9-12

Altars:


Innate Abilities, Weirdness & Mutations

You have a pair of large antennae on your head. (SInv)
Your flesh is heat resistant. (rF+)
When hurt, damage is shared between your health and your magic reserves.
You are immune to clouds of flame.


Message History

You completely miss the wraith. The wraith closely misses you.
The wraith hits you but does no damage.
You barely miss the wraith. The wraith hits you!
* * * LOW HITPOINT WARNING * * *
The wraith drains your vigour!
You feel as though you will be slow longer.
Your skin crawls.
You feel resistant to hostile enchantments.
You are feeling very hungry.
The wraith hits you.
* * * LOW HITPOINT WARNING * * *
The wraith drains your vigour!
You feel as though you will be slow longer.
The wraith hits you but does no damage.
Okay, then.
Okay, then.
You hit the wraith.
The wraith is lightly damaged.
The wraith hits you!
You die...

###########
.......†..#
###########.##
#........o#.#
#.#.#.##o##.#
#.#.lW@.#
#.#..####
#.#..# ..#<.# #
####o## .# #o#
###. #.# #..
#.#
#.###########.#


You could see a wraith, an iguana and an orc.

Vanquished Creatures
  Josephine (D:10)
  The ghost of Mungo the Slinger, a novice HaHu of Okawaru (D:7)
  Pikel (D:9)
  A hippogriff (D:10)
  3 wraiths (D:10)
  A sky beast (D:10)
  An orc warrior (D:7)
  A black bear (D:10)
  A slave (D:9)
  2 eyes of draining
  2 centaurs
  2 big kobolds
  The ghost of anet the Magician, an amateur DEWz (D:3)
  A gnoll sergeant (D:7)
  A bullfrog (D:8)
  Blork the orc (D:6)
  A scorpion (D:6)
  A crimson imp (D:9)
  A bullfrog skeleton (D:7)
  2 orc priests
  A jelly (D:8)
  A centaur skeleton (D:9)
  3 hounds
  An iguana (D:9)
  A worker ant (D:8)
  4 orc wizards
  A worker ant zombie (D:7)
  5 gnolls (D:7)
  2 adders
  2 shadow imps
  An ooze (D:5)
  An adder skeleton (D:9)
  A leopard gecko (D:2)
  15 orcs
  4 giant cockroaches
  4 goblins
  4 hobgoblins
  6 jackals
  A quokka (D:8)
  2 bats (D:3)
  2 frilled lizards
  11 kobolds
  A leopard gecko zombie (D:9)
  A quokka zombie (D:3)
  3 rats
104 creatures vanquished.

Vanquished Creatures (others)
  A slave (D:9)
1 creature vanquished.

Grand Total: 105 creatures vanquished

Notes
Turn   | Place    | Note
-------+----------+-------------------------------------------
     0 | D:1      | brucemayne the Demonspawn Berserker began the quest for the Orb.
     0 | D:1      | Reached XP level 1. HP: 18/18 MP: 1/1
    32 | D:1      | Reached skill level 3 in Axes
   120 | D:2      | Gained mutation: You have a pair of small antennae on your head. [demonic ancestry]
   120 | D:2      | Reached XP level 2. HP: 17/24 MP: 2/2
   179 | D:3      | HP: 1/24 [orc wizard/magic dart (6)]
   474 | D:3      | Noticed anet's ghost (amateur DEWz)
   495 | D:3      | Killed anet's ghost
   495 | D:3      | Reached skill level 4 in Axes
   495 | D:3      | Gained mutation: Your flesh is heat resistant. (rF+) [demonic ancestry]
   495 | D:3      | Reached XP level 3. HP: 26/29 MP: 3/3
   495 | D:3      | Gained mutation: When hurt, damage is shared between your health and your magic reserves. [demonic ancestry]
   495 | D:3      | Reached XP level 4. HP: 31/35 MP: 4/4
   634 | D:3      | Reached ** piety under Trog
   634 | D:3      | Reached skill level 5 in Axes
   934 | D:5      | Entered Level 5 of the Dungeon
  1047 | D:5      | Reached XP level 5. HP: 31/41 MP: 3/5
  1085 | D:6      | Noticed Blork the orc
  1094 | D:6      | Killed Blork the orc
  1147 | D:6      | Reached skill level 6 in Axes
  1147 | D:6      | Reached XP level 6. HP: 33/47 MP: 4/6
  1282 | D:7      | Noticed an orc warrior
  1314 | D:7      | Killed an orc warrior
  1344 | D:7      | Reached skill level 7 in Axes
  1389 | D:7      | Noticed Mungo's ghost (novice HaHu)
  1425 | D:7      | Killed Mungo's ghost
  1425 | D:7      | Reached skill level 8 in Axes
  1425 | D:7      | Reached XP level 7. HP: 33/52 MP: 5/7
  1490 | D:7      | Reached skill level 9 in Axes
  1490 | D:7      | Gained mutation: You are immune to clouds of flame. [demonic ancestry]
  1490 | D:7      | Reached XP level 8. HP: 27/58 MP: 2/8
  1789 | D:9      | Reached skill level 10 in Axes
  1826 | D:10     | Entered Level 10 of the Dungeon
  1850 | D:10     | Reached *** piety under Trog
  1867 | D:10     | Noticed a hippogriff
  1880 | D:10     | Killed a hippogriff
  1984 | D:10     | Gained mutation: You have a pair of antennae on your head. [demonic ancestry]
  1984 | D:10     | Reached XP level 9. HP: 22/65 MP: 2/9
  2023 | D:10     | Noticed Josephine
  2136 | D:9      | Noticed Pikel
  2183 | D:9      | Killed Pikel
  2183 | D:9      | Reached skill level 5 in Fighting
  2183 | D:9      | Reached skill level 11 in Axes
  2337 | D:10     | Killed Josephine
  2423 | D:10     | Gained mutation: You have a pair of large antennae on your head. (SInv) [demonic ancestry]
  2423 | D:10     | Reached XP level 10. HP: 12/79 MP: 0/10
  2427 | D:10     | HP: 2/79 [wraith[Josephine] (6)]
  2428 | D:10     | Mangled by a wraith

Vault maps used:
D:1:      minmay_arrival_diagonal_passages
D:3:      first_bread
D:5:      uniq_duvessa
D:6:      uniq_blork_the_orc
D:8:      serial_glass, glass_columns_b, glass_columns_b
D:9:      uniq_erica, uniq_erolcha, uniq_pikel
D:10:     uniq_psyche, uniq_fannar, uniq_josephine

Skill      XL: |  1  2  3  4  5  6  7  8  9 |
---------------+----------------------------+-----
Axes           | 3 4 5 6 8 9 10 11 | 11.8
Fighting       | 4 7 |  7.3
Armour         | |  1.7
Dodging        | |  1.7

Action                   |  1- 3 |  4- 6 |  7- 9 | 10-12 || total
-------------------------+-------+-------+-------+-------++-------
Melee: Hand axe          |    45 |    93 |       |       ||   138
       War axe           |       |    52 |   263 |     4 ||   319
Invok: Berserk           |     2 |     4 |     4 |       ||    10
       Trog's Hand       |       |     3 |     6 |     1 ||    10
  Use: Potion            |       |     2 |     4 |       ||     6
       Scroll            |       |       |     5 |       ||     5
 Stab: Sleeping          |     1 |       |       |       ||     1
  Eat: Chunk             |       |     7 |     5 |       ||    12
       Bread ration      |       |       |     1 |       ||     1
       Beef jerky        |       |       |     1 |       ||     1
Armor: Animal skin       |     3 |     3 |       |       ||     6
       Chain mail        |       |    60 |   183 |     2 ||   245
Dodge: Dodged            |    28 |    56 |   123 |     1 ||   208
